 Dungeon Crawl Stone Soup version 0.30-a0-860-g512cf1e979 (webtiles) character file.

Game seed: 9942395785280139759

1608582 MacCMillion the Conqueror (level 27, 265/300 HPs)
             Began as a Minotaur Fighter on Mar 8, 2023.
             Was a Follower of Yredelemnul.
             Escaped with the Orb
             ... and 3 runes!
             The game lasted 03:33:59 (81297 turns).

MacCMillion the Conqueror (Minotaur Fighter)       Turns: 81297, Time: 03:34:00

Health: 265/300    AC: 38    Str: 31    XL:     27
Magic:  28/28      EV: 16    Int:  1    God:    Yredelemnul [*.....]
Gold:   7487       SH: 26    Dex: 14    Spells: 26/26 levels left

rFire   + + .      SeeInvis .    a - +9 broad axe (vamp)
rCold   + . .      Faith    +    c - +1 tower shield {rPois}
rNeg    . . .      Spirit   .    x - +11 gold dragon scales
rPois   +          Reflect  .    (helmet restricted)
rElec   .          Rampage  .    o - scarf {repulsion}
rCorr   .                        T - +1 pair of gloves
Will    ++...                    p - +1 pair of boots {Fly} Stlth
                                 Q - amulet of faith
HPRegen 0.70/turn                k - +4 ring of slaying
MPRegen 0.21/turn                N - ring of protection from fire

@: flying, hasted, glowing, studying 2 skills, repel missiles, very quick
A: horns 2, retaliatory headbutt, deformed body, deterioration 1, dopey 2, low
MP 2, robust 1
0: Orb of Zot
}: 3/15 runes: serpentine, barnacled, silver
a: Renounce Religion, Recall Undead Harvest


You escaped.
You worshipped Yredelemnul.
Yredelemnul was most pleased with you.
You visited 11 branches of the dungeon, and saw 51 of its levels.
You also visited: Gauntlet, Ice Cave and Wizlab.

You collected 8037 gold pieces.
You spent 550 gold pieces at shops.

Inventory:

Hand Weapons
 a - a +9 vampiric broad axe (weapon)
 h - the +5 demon whip "Spellbinder" {antimagic, disrupt, Will+}
   (You took it off a deep elf sorcerer on level 3 of the Elven Halls)

   Will:      It increases your willpower.
Missiles
 z - 9 curare-tipped darts (quivered)
Armour
 c - a +1 tower shield of poison resistance (worn)
 o - a scarf of repulsion (worn)
 p - a +1 pair of boots of flying (worn)
 q - the +1 cloak of Pathos {rC+ Will+ MP+9}
   (You bought it in a shop on level 2 of the Shoals)

   rC:        It protects you from cold.
   MP:        It affects your magic capacity (+9).
   Will:      It increases your willpower.
 x - +11 gold dragon scales (worn)
 H - the +14 chain mail of Weak New Discoveries {Rampage *Slow rElec Will+ Dex+4}
   (You found it in a Gauntlet)

   Dex:       It affects your dexterity (+4).
   rElec:     It insulates you from electricity.
   *Slow:     It may slow you when you take damage.
   Rampage:   It bestows one free step when moving towards enemies.
   Will:      It increases your willpower.
 T - a +1 pair of gloves (worn)
Jewellery
 k - a +4 ring of slaying (left hand)
 A - a ring of see invisible
 C - a ring of poison resistance
 L - a +5 ring of evasion
 N - a ring of protection from fire (right hand)
 Q - an amulet of faith (around neck)
 R - a ring of protection from cold
 U - a ring of willpower
Wands
 b - a wand of acid (16)
 d - a wand of digging (26)
 G - a wand of iceblast (56)
 I - a wand of paralysis (50)
 M - a wand of flame (49)
 X - a wand of mindburst (42)
Scrolls
 g - 5 scrolls of blinking
 l - 13 scrolls of fear
 w - 20 scrolls of teleportation
 y - 8 scrolls of vulnerability
 B - 4 scrolls of immolation
 E - 2 scrolls of summoning
 K - 10 scrolls of magic mapping
 O - 14 scrolls of poison
 V - 2 scrolls of silence
 W - 8 scrolls of enchant weapon
 Z - 5 scrolls of fog
Potions
 e - a potion of ambrosia
 f - 4 potions of invisibility
 i - 17 potions of curing
 j - 3 potions of haste
 n - 9 potions of attraction
 r - 6 potions of resistance
 s - 18 potions of heal wounds
 t - 7 potions of mutation
 u - 13 potions of flight
 v - 3 potions of might
 D - 4 potions of cancellation
 F - 10 potions of lignification
 J - 7 potions of berserk rage
Miscellaneous
 m - a condenser vane
 P - a lightning rod (4/4)
 S - a box of beasts


   Skills:
 O Level 27 Fighting
 + Level 24.1(25.0) Axes
 - Level 12.4(19.7) Maces & Flails
 O Level 27 Armour
 + Level 20.3 Dodging
 O Level 27 Shields
 + Level 19.5 Invocations
 - Level 5.0 Evocations


You had 26 spell levels left.
You didn't know any spells.
Your spell library contained the following spells:

 Spells                   Type           Power      Damage    Failure   Level
 Beastly Appendage        Tmut           0%         N/A       98%         1
 Foxfire                  Conj/Fire      0%         2x1d4     98%         1
 Freeze                   Ice            0%         1d3       98%         1
 Kiss of Death            Conj/Necr      0%         2d5       98%         1
 Magic Dart               Conj           0%         1d3       98%         1
 Necrotise                Necr           0%         1d4       98%         1
 Sandblast                Erth           0%         2d4       98%         1
 Shock                    Conj/Air       0%         1d3       98%         1
 Blink                    Tloc           0%         N/A       99%         2
 Call Imp                 Summ           0%         N/A       99%         2
 Cigotuvi's Dreadful Rot  Necr/Pois/Air  0%         N/A       99%         2
 Ensorcelled Hibernation  Hex/Ice        0%         N/A       99%         2
 Lesser Beckoning         Tloc           0%         N/A       99%         2
 Passwall                 Tmut/Erth      0%         N/A       99%         2
 Scorch                   Fire           0%         2d5       99%         2
 Searing Ray              Conj           0%         2d4       99%         2
 Static Discharge         Conj/Air       0%         2-2/arc   99%         2
 Sublimation of Blood     Necr           0%         N/A       99%         2
 Wereblood                Tmut           0%         N/A       99%         2
 Call Canine Familiar     Summ           0%         N/A       100%        3
 Confusing Touch          Hex            0%         N/A       100%        3
 Dazzling Flash           Conj/Hex       0%         N/A       100%        3
 Frozen Ramparts          Ice            0%         1d1       100%        3
 Gell's Gravitas          Tloc           0%         N/A       100%        3
 Hailstorm                Conj/Ice       0%         3d3       100%        3
 Ignite Poison            Fire/Tmut/Pois 0%         N/A       100%        3
 Kindle Blastsparks       Fire/Tloc/Air  0%         2d10      100%        3
 Mephitic Cloud           Conj/Pois/Air  0%         N/A       100%        3
 Ozocubu's Armour         Ice            0%         N/A       100%        3
 Portal Projectile        Hex/Tloc       0%         N/A       100%        3
 Spider Form              Tmut/Pois      0%         N/A       100%        3
 Stone Arrow              Conj/Erth      0%         3d7       100%        3
 Swiftness                Air            0%         N/A       100%        3
 Teleport Other           Tloc           0%         N/A       100%        3
 Tukima's Dance           Hex            0%         N/A       100%        3
 Vampiric Draining        Necr           0%         2d6       100%        3
 Vhi's Electric Charge    Tloc/Air       0%         N/A       100%        3
 Airstrike                Air            0%         2d(0-16)  100%        4
 Anguish                  Hex/Necr       0%         N/A       100%        4
 Cause Fear               Hex            0%         N/A       100%        4
 Dispel Undead            Necr           0%         3d6       100%        4
 Flame Wave               Conj/Fire      0%         2d4       100%        4
 Fulminant Prism          Conj/Hex       0%         3d5       100%        4
 Ice Form                 Ice/Tmut       0%         N/A       100%        4
 Iskenderun's Mystic Bla  Conj/Tloc      0%         2d3       100%        4
 Leda's Liquefaction      Hex/Erth       0%         N/A       100%        4
 Manifold Assault         Tloc           0%         N/A       100%        4
 Olgreb's Toxic Radiance  Pois           0%         N/A       100%        4
 Passage of Golubria      Tloc           0%         N/A       100%        4
 Petrify                  Tmut/Erth      0%         N/A       100%        4
 Summon Ice Beast         Ice/Summ       0%         N/A       100%        4
 Summon Lightning Spire   Summ/Air       0%         N/A       100%        4
 Agony                    Necr           0%         N/A       100%        5
 Arcjolt                  Conj/Air       0%         1d10      100%        5
 Blade Hands              Tmut           0%         N/A       100%        5
 Fireball                 Conj/Fire      0%         3d3       100%        5
 Irradiate                Conj/Tmut      0%         3d11      100%        5
 Iskenderun's Battlesphe  Conj           0%         2d6       100%        5
 Lee's Rapid Deconstruct  Erth           0%         3d4*      100%        5
 Lightning Bolt           Conj/Air       0%         1d11      100%        5
 Metabolic Englaciation   Hex/Ice        0%         N/A       100%        5
 Silence                  Hex/Air        0%         N/A       100%        5
 Summon Forest            Summ/Tloc      0%         N/A       100%        5
 Yara's Violent Unravell  Hex/Tmut       0%         3d3       100%        5
 Conjure Ball Lightning   Conj/Air       0%         3x3d6     100%        6
 Dispersal                Tloc           0%         N/A       100%        6
 Eringya's Noxious Bog    Tmut/Pois      0%         N/A       100%        6
 Starburst                Conj/Fire      0%         6d3       100%        6
 Statue Form              Tmut/Erth      0%         N/A       100%        6
 Summon Cactus Giant      Summ           0%         N/A       100%        6
 Dragon Form              Tmut           0%         N/A       100%        7
 Enfeeble                 Hex            0%         N/A       100%        7
 Haunt                    Necr/Summ      0%         N/A       100%        7
 Ozocubu's Refrigeration  Ice            0%         4d7       100%        7
 Spellforged Servitor     Conj/Summ      0%         N/A       100%        7
 Storm Form               Tmut/Air       0%         N/A       100%        7
 Summon Hydra             Summ           0%         N/A       100%        7
 Disjunction              Tloc           0%         N/A       100%        8
 Ignition                 Fire           0%         3d3       100%        8
 Lehudib's Crystal Spear  Conj/Erth      0%         10d2      100%        8
 Chain Lightning          Conj/Air       0%         N/A       100%        9
 Dragon's Call            Summ           0%         N/A       100%        9
 Fire Storm               Conj/Fire      0%         5d1       100%        9
 Polar Vortex             Ice            0%         N/A       100%        9
 Shatter                  Erth           0%         3d5*      100%        9
 Death Channel            Necr           Unusable   N/A       N/A         6

Dungeon Overview and Level Annotations

Branches:
Dungeon (15/15)            Temple (1/1) D:4            Lair (5/5) D:11
 Shoals (4/4) Lair:2        Snake (4/4) Lair:2        Slime (0/5) Lair:4
    Orc (2/2) D:10            Elf (3/3) Orc:2        Vaults (5/5) D:14
  Crypt (3/3) Vaults:3       Tomb (0/3) Crypt:3      Depths (4/4) D:15
    Zot (5/5) Depths:4      IceCv (visited)          WizLab (visited)
Gauntlet (visited)

Altars:
Ashenzari
Dithmenos
Elyvilon
Fedhas
Gozag
Hepliaklqana
Kikubaaqudgha
Makhleb
Nemelex Xobeh
Okawaru
Qazlal
Ru
Sif Muna
Trog
Uskayaw
Vehumet
Wu Jian
Xom
Yredelemnul
Zin
The Shining One
Lugonu

Shops:
D:11 (   Orc:1 (   Orc:2 [!*[(:[(   Shoals:1 (   Shoals:2 [   Shoals:3 *
Shoals:4 *   Snake:1 :(!   Snake:4 *(

Portals:
Hell: Depths:1 Depths:2 Depths:3 Depths:4
Abyss: Depths:2 Depths:3 Depths:4
Pandemonium: Depths:1 Depths:2
Ziggurat: Depths:2

Annotations:
D:6 1 exclusion
Zot:1 1 transporter


Innate Abilities, Weirdness & Mutations

You have a pair of horns on your head.
You reflexively headbutt those who attack you in melee.
Armour fits poorly on your strangely shaped body.
Your body sometimes deteriorates upon taking damage.
You are very dopey. (Int -4)
Your magical capacity is very low. (-20% MP)
You are robust. (+10% HP)


Message History

You block the cherub's attack.
The cherub pecks you but does no damage.
You slice the cherub!!
The cherub is almost dead.
You hear a screech!
The cherub hits you but does no damage.
The cherub pecks you but does no damage.
You hear a hideous shriek!
You hear a shout!
You slash the cherub! You headbutt the cherub.
You kill the cherub!
The cherub dissolves into sparkling lights!
A Xeaseac, a chaos spawn and a Hell Sentinel come into view.
The chaos spawn gurgles horribly!
The Hell Sentinel roars!
The cherub's lion head roars!
Xeaseac gestures at you. The bolt of energy misses you.
The cherub unwields a +4 falchion of flaming.
It stops flaming.
The cherub wields a +2 sling of freezing.
It is covered in frost.
The cherub shoots a sling bullet.
You block the sling bullet.
The chaos spawn moves out of view.
The Hell Sentinel moves out of view.
You feel yourself speed up.
A ynoxinul and a Hell Sentinel come into view.
The ynoxinul bellows!
The Hell Sentinel roars!
You hear a shout!
You hear a shout.
The angel shouts!
The Hell Sentinel gestures at you.
The sphere of damnation explodes!
The damnation engulfs you!!!
You hear a shout!
Blink to where?
Press: ? - help, Dir - move target
As you read the scroll of blinking, it crumbles to dust.
There is a fountain of clear blue water here.
An Orb Guardian and a neqoxec come into view.
The neqoxec shouts!
You block the Orb Guardian's attack.
There is a staircase leading out of the dungeon here.
The Orb Guardian hits you but does no damage.
You have escaped!

#..).........#######♣PP..
##.##########.......#♣♣♣♣#
#...................######
#.########.###............
#...............&##..#####
#...##♣♣♣.♣♣♣##..#.AZZ...#
#...# ♣⌠♣ #..#...#.###
#...♣♣♣♣♣.♣♣♣♣♣..#...#.# #
##.....⌠X@3⌠..4A3#.1.#.# #
#..♣♣♣♣♣.♣♣♣♣♣A.#...#.# #
#..# ♣⌠♣ #.4....#.# #
#..##♣♣♣.♣♣♣##......#.# #
##...............#...#.# #
#[.######............#.# #
#.## #...#.#......#.#.###
#.# #.#............#...)
#.#####.#.####.#######.###


You could see a seraph, an angel, an Orb Guardian, a neqoxec, a ynoxinul and a
chaos spawn.

Vanquished Creatures
  A dread lich (Vaults:5)
  5 ancient liches
  4 orbs of fire
  Boris (Vaults:4)
  Sojobo (Vaults:4)
  2 Killer Klowns
  Saint Roka (Vaults:4)
  2 curse toes
  2 pandemonium lords
  13 caustic shrikes
  9 golden dragons
  2 electric golems (Zot:5)
  16 tentacled monstrosities
  2 deep elf blademasters (Elf:3)
  10 liches
  14 Orb Guardians
  2 Ice Fiends (IceCv)
  A titan (Depths:4)
  8 quicksilver dragons
  4 deep elf master archers
  6 sphinxes
  9 ancient champions
  Frances (Elf:1)
  Donald (Snake:2)
  11 shadow dragons
  Roxanne (Snake:2)
  7 death cobs
  5 tengu reavers
  4 fire giants
  4 nagarajas
  10 storm dragons
  A revenant (Crypt:2)
  2 iron dragons
  3 draconian knights
  The ghost of brujo666 the Spear-Bearer, a journeyman DsFi of Gozag (D:14)
  10 vault wardens
  2 deep elf elementalists (Elf:3)
  3 curse skulls (Crypt:2)
  5 frost giants
  3 orc warlords
  7 deep elf sorcerers
  A spriggan defender (Depths:2)
  4 draconian annihilators
  A draconian scorcher (Zot:2)
  2 ghost moths (Zot:4)
  3 ghouls (Crypt:1)
  19 ironbound preservers
  A draconian shifter (Zot:3)
  2 war gargoyles
  A reaper (D:8)
  19 very ugly things
  7 draconian stormcallers
  6 ironbound thunderhulks
  7 vampire knights
  5 green draconians
  12 stone giants
  5 white draconians
  Nessos (D:13)
  3 black draconians
  6 red draconians
  5 deep elf demonologists
  11 purple draconians
  7 yellow draconians
  6 deep elf annihilators (Elf:3)
  12 spark wasps
  7 dire elephants
  The ghost of scienide the Severer, a journeyman HOBe of Trog (D:12)
  A minotaur (Gauntlet)
  6 deep elf death magi
  2 eidola (Crypt:1)
  2 blizzard demons
  5 statues (WizLab)
  10 fire dragons
  11 ettins
  4 crystal guardians (Vaults:4)
  2 green deaths
  4 merfolk impalers
  17 yaktaur captains
  13 jiangshi
  8 deep elf high priests
  Fannar (Lair:3)
  23 vault guards
  5 merfolk javelineers (Shoals:4)
  An entropy weaver (Vaults:1)
  7 ice dragons
  A quicksilver dragon skeleton (Crypt:3)
  A rakshasa (Depths:4)
  4 peacekeepers
  Erolcha (D:13)
  2 caustic shrike simulacra (IceCv)
  An alligator snapping turtle (Shoals:3)
  3 merfolk avatars
  5 anacondas
  2 ogre magi
  8 ironbound frosthearts
  A spriggan air mage (Depths:3)
  3 hydras
  A satyr (Shoals:4)
  7 two-headed ogres
  12 centaur warriors
  3 boulder beetles
  7 naga warriors
  31 dancing weapons
  3 deep troll shamans
  8 tengu warriors
  2 titan zombies
  3 death yaks (Lair:5)
  7 naga sharpshooters
  7 deep troll earth magi
  6 merfolk aquamancers
  10 vampire magi
  A shock serpent (Snake:4)
  A hell hog (Depths:4)
  An orc high priest (Vaults:4)
  A spectral dire elephant (Lair:5)
  3 skysharks
  13 deep elf knights
  A soul eater (Depths:2)
  2 sun demons
  2 hell knights (Vaults:5)
  3 spriggan berserkers (Depths:4)
  A shadow wraith (Crypt:2)
  2 sixfirhies
  5 iron trolls
  A salamander mystic (Snake:4)
  A fire crab (Lair:3)
  A golden dragon zombie (Crypt:1)
  10 skeletal warriors
  A storm dragon skeleton (Crypt:2)
  6 deep elf archers
  14 sea snakes
  50 deep trolls
  14 phantasmal warriors
  A spectral anaconda (Lair:5)
  A swamp dragon (Zot:4)
  2 flayed ghosts
  8 wizards
  A spriggan simulacrum (IceCv)
  3 obsidian statues
  5 naga ritualists
  8 orc knights
  19 deep elf zephyrmancers
  6 necromancers
  14 lindwurms
  2 bog bodies (IceCv)
  23 deep elf pyromancers
  15 harpies
  11 ironbound convokers
  A shadow dragon skeleton (Depths:1)
  9 mana vipers
  23 ugly things
  3 orc sorcerers
  10 manticores
  11 fauns
  An oklob plant (Lair:2)
  9 cyclopes
  9 elephants
  5 salamanders
  A dire elephant zombie (Crypt:3)
  28 moths of wrath
  A moth of wrath (shapeshifter) (Depths:3)
  An elephant (shapeshifter) (D:12)
  12 vault sentinels
  A guardian serpent (Snake:3)
  6 water nymphs
  A rust devil (D:14)
  A stone giant skeleton (Crypt:2)
  A frost giant skeleton (Crypt:3)
  An ice statue (Snake:4)
  9 merfolk sirens
  4 gargoyles
  A cane toad (shapeshifter) (D:14)
  A smoke demon (Gauntlet)
  29 black mambas
  2 hellions
  10 naga magi
  A storm dragon simulacrum (D:15)
  5 cane toads
  5 kobold demonologists (D:11)
  2 efreet
  A yaktaur (shapeshifter) (Depths:4)
  11 tengu conjurers
  3 dire elephant skeletons
  3 ice devils
  21 yaktaurs
  A redback zombie (Crypt:3)
  10 freezing wraiths
  2 rime drakes
  4 komodo dragons
  3 golden dragon simulacra (IceCv)
  A minotaur skeleton (Crypt:2)
  A red devil (D:8)
  10 trolls
  20 merfolk
  8 wind drakes
  A polar bear (Lair:3)
  2 spectral elephants (Lair:5)
  2 hydra skeletons
  3 dream sheep (Shoals:2)
  2 hornets
  A tarantella (shapeshifter) (Vaults:5)
  Grinder (D:6)
  2 harpy skeletons
  10 snapping turtles
  9 blink frogs
  23 slime creatures
  An ettin zombie (Depths:1)
  13 flying skulls
  A stone giant simulacrum (Crypt:1)
  A centaur simulacrum (D:14)
  2 air elementals (Elf:1)
  A shadow (D:11)
  8 water elementals
  A vampire (D:14)
  A wyvern (Lair:1)
  24 yaks
  5 wraiths
  A minotaur simulacrum (IceCv)
  9 fire elementals
  2 basilisks
  2 death yak simulacra (Lair:5)
  5 vampire mosquitoes
  3 wargs
  A steam dragon (D:10)
  A harpy simulacrum (IceCv)
  3 hydra simulacra (IceCv)
  24 nagas
  2 acid dragons (Zot:4)
  A water moccasin (shapeshifter) (D:12)
  A naga skeleton (Crypt:1)
  2 floating eyes (Depths:4)
  4 water moccasins
  2 hell hounds (D:13)
  A merfolk skeleton (Crypt:2)
  An elephant zombie (Lair:5)
  A lindwurm zombie (Crypt:1)
  An ice beast (D:5)
  8 ogres
  33 orc warriors
  3 ettin simulacra (IceCv)
  A black bear (D:6)
  26 wolves
  15 centaurs
  A phantom (D:4)
  A komodo dragon zombie (Crypt:3)
  A necrophage (Crypt:1)
  8 kobold brigands
  2 gnoll sergeants (D:10)
  A deep troll simulacrum (IceCv)
  6 bullfrogs
  An earth elemental (Elf:2)
  A scorpion (D:6)
  2 cyclops zombies
  9 wights (D:8)
  3 elephant simulacra (Lair:5)
  A polar bear skeleton (Crypt:2)
  7 killer bees
  6 howler monkeys
  3 electric eels
  4 crimson imps (Gauntlet)
  A wolf skeleton (Crypt:1)
  2 gnoll boudas
  7 hounds
  A basilisk zombie (Crypt:3)
  19 orc priests
  Jessica (D:2)
  A human skeleton (Crypt:1)
  An iguana (D:5)
  6 hell rats (Lair:1)
  18 orc wizards
  A boggart skeleton (Crypt:2)
  A tengu zombie (Crypt:1)
  2 human simulacra (D:14)
  22 gnolls
  6 adders
  2 shadow imps
  2 dart slugs
  67 orcs
  6 endoplasms
  2 giant cockroaches
  7 goblins
  10 hobgoblins
  8 jackals
  4 quokkas
  A training dummy (Snake:4)
  5 ball pythons
  3 bats
  4 frilled lizards
  A gnoll skeleton (Crypt:1)
  29 kobolds
  7 rats
  A river rat skeleton (Crypt:1)
  A fungus (Lair:2)
  3 pillars of salt (Vaults:4)
1743 creatures vanquished.

Vanquished Creatures (collateral kills)
  2 dread liches (Zot:5)
  An orb of fire (Zot:5)
  3 Killer Klowns (Zot:5)
  A caustic shrike (Depths:4)
  A curse toe (Zot:5)
  5 golden dragons
  Nikola (Snake:2)
  2 electric golems (Zot:3)
  13 Orb Guardians (Zot:5)
  5 tentacled monstrosities
  Mlioglotl (Shoals:4)
  A titan (Vaults:5)
  2 quicksilver dragons
  3 death cobs
  3 sphinxes
  A revenant (Crypt:2)
  Agnes (Elf:2)
  4 shadow dragons
  The ghost of flt the Alchemist, an adept DgTm (Elf:1)
  Ilsuiw (Shoals:4)
  6 nagarajas
  4 tengu reavers
  A draconian knight (Zot:3)
  5 storm dragons
  A draconian monk (Zot:4)
  4 frost giants
  A demonspawn warmonger (D:8)
  A draconian scorcher (Zot:5)
  2 deep elf sorcerers (Elf:3)
  A fire giant (Vaults:5)
  A vault warden (Vaults:3)
  3 draconian shifters
  4 draconian annihilators
  A curse skull (Crypt:2)
  7 ironbound preservers
  3 ghouls (Crypt:2)
  A war gargoyle (Vaults:5)
  2 draconian stormcallers
  2 green draconians
  4 stone giants
  2 ironbound thunderhulks
  A stone giant (shapeshifter) (D:12)
  A deep elf demonologist (Vaults:5)
  2 deep elf annihilators (Vaults:5)
  The ghost of Ecranlie the Summoner, a journeyman OpSu of Hepliaklqana (D:15)
  6 very ugly things
  7 black draconians
  5 dire elephants (Vaults:2)
  4 red draconians
  4 white draconians
  Azrael (D:13)
  2 yellow draconians
  4 purple draconians
  4 spark wasps
  4 statues (WizLab)
  An eidolon (Crypt:1)
  A deep elf death mage (Crypt:3)
  An ettin (Depths:2)
  4 merfolk impalers
  3 deep elf high priests (Vaults:5)
  2 fire dragons
  A hydra (Lair:2)
  An ice dragon (Zot:4)
  4 vault guards (Vaults:5)
  An ogre mage (D:12)
  2 ironbound frosthearts
  3 merfolk avatars
  5 anacondas
  A satyr (Shoals:3)
  5 centaur warriors
  3 merfolk aquamancers
  2 boulder beetles (Vaults:2)
  4 dancing weapons
  A two-headed ogre (D:9)
  3 tengu warriors (Depths:4)
  4 naga warriors
  3 deep troll shamans (Depths:2)
  3 deep troll earth magi
  A vampire mage (Crypt:1)
  A quicksilver ooze zombie (Crypt:3)
  2 death yaks (Lair:5)
  A spectral dire elephant (Lair:5)
  A naga sharpshooter (Snake:4)
  3 skysharks
  A spriggan berserker (Depths:2)
  3 hell knights (Vaults:5)
  2 soul eaters
  A storm dragon zombie (Crypt:1)
  An iron troll (Depths:4)
  A salamander mystic (Snake:4)
  3 sea snakes
  7 skeletal warriors
  A spriggan rider (Depths:4)
  24 deep trolls
  A glowing orange brain (Vaults:3)
  5 ironbound convokers
  4 lindwurms
  4 slime creatures
  2 wizards
  A spriggan simulacrum (Crypt:1)
  2 naga ritualists (Snake:4)
  7 deep elf pyromancers
  An obsidian statue (Lair:5)
  9 deep elf archers
  12 harpies
  3 necromancers
  3 phantasmal warriors
  3 orc knights
  2 mana vipers
  10 deep elf zephyrmancers
  10 ugly things
  A wolf spider (shapeshifter) (D:12)
  A salamander (Snake:4)
  A manticore (Shoals:2)
  A shining eye (shapeshifter) (Depths:2)
  7 fauns
  2 cyclopes
  9 black mambas
  7 moths of wrath
  3 merfolk sirens
  A guardian serpent (Snake:4)
  8 elephants
  A smoke demon (Depths:4)
  4 vault sentinels
  3 gargoyles
  3 cane toads
  A kobold demonologist (D:11)
  An orange demon (Depths:2)
  8 tengu conjurers
  A harpy zombie (Crypt:1)
  6 yaktaurs
  A komodo dragon (Lair:1)
  3 trolls
  A red devil (Depths:2)
  A troll (shapeshifter) (Elf:1)
  11 merfolk
  2 snapping turtles
  3 wind drakes
  A hornet (D:8)
  6 dream sheep
  2 vampires
  4 flying skulls (Gauntlet)
  A wraith (Crypt:2)
  A spriggan (shapeshifter) (Depths:3)
  A wyvern (Lair:4)
  15 yaks
  9 water elementals
  5 basilisks
  A fire elemental (Elf:1)
  A redback (Vaults:1)
  8 nagas
  8 water moccasins
  A cane toad zombie (Crypt:1)
  18 orc warriors
  2 elephant zombies (Lair:5)
  3 ogres
  13 wolves
  3 elephant skeletons
  4 centaurs (Orc:2)
  4 kobold brigands (D:10)
  A necrophage (Crypt:2)
  2 bullfrogs
  3 gnoll sergeants (D:10)
  A warg skeleton (Crypt:3)
  2 killer bees (D:7)
  2 howler monkeys
  A wolf zombie (Crypt:2)
  5 orc priests
  A hound (D:4)
  4 orc wizards
  A hell rat (Lair:1)
  19 orcs
  A bat zombie (Crypt:2)
  2 hobgoblins (D:8)
  2 training dummies (Snake:4)
  4 kobolds
  14 bushes
  A butterfly (Lair:5)
  A fungus (Lair:2)
  7 pillars of salt (Vaults:4)
  A plant (Lair:2)
621 creatures vanquished.

Vanquished Creatures (others)
  A spectral troll (Zot:5)
  A tentacled monstrosity (Vaults:5)
  An eldritch tentacle (Zot:5)
  A spectral caustic shrike (Depths:4)
  A storm dragon (Zot:5)
  4 spectral tentacled monstrosities
  8 caustic shrike zombies
  2 Killer Klown zombies (Zot:5)
  A vampire knight (Depths:1)
  A spectral fire giant (Depths:2)
  4 spectral elves
  A spectral human (Vaults:4)
  A red draconian (Zot:3)
  3 quicksilver dragon zombies
  9 very ugly thing zombies
  A deep elf high priest (Elf:3)
  A yaktaur captain (Vaults:5)
  A merfolk aquamancer (Shoals:4)
  15 Orb Guardian zombies (Zot:5)
  A dancing weapon (Elf:2)
  3 deep elf knights
  5 storm dragon zombies
  9 spark wasp zombies
  A ghost moth zombie (Zot:4)
  A golden dragon zombie (Depths:2)
  2 spectral merfolk (Shoals:4)
  An anaconda zombie (Snake:4)
  3 shadow dragon zombies
  A deep elf archer (Elf:1)
  A sphinx zombie (Depths:3)
  A deep elf zephyrmancer (Elf:1)
  An ironbound convoker (Vaults:5)
  2 fire giant zombies (Depths:4)
  2 frost giant zombies (Depths:4)
  2 ugly thing zombies
  4 stone giant zombies
  9 draconian zombies
  4 dire elephant zombies (Vaults:2)
  A naga mage (Snake:4)
  6 purple draconian zombies
  2 black draconian zombies
  4 red draconian zombies
  3 yellow draconian zombies
  An iron troll zombie (Depths:3)
  3 white draconian zombies
  2 yaktaurs
  2 sea snake zombies (Snake:4)
  A spectral glowing orange brain (Vaults:3)
  15 harpy zombies
  2 mana viper zombies (Snake:4)
  2 fire dragon zombies
  A spectral floating eye (Depths:4)
  An ettin zombie (Depths:4)
  9 moth of wrath zombies
  2 ice dragon zombies (Depths:4)
  A boulder beetle zombie (D:12)
  7 black mamba zombies
  A spriggan zombie (Depths:4)
  2 slime creature zombies (Vaults:2)
  A wind drake zombie (Shoals:3)
  5 merfolk zombies (Shoals:4)
  42 elf zombies
  A naga (Snake:1)
  24 deep troll zombies
  A faun zombie (Shoals:1)
  41 human zombies
  3 cane toad zombies
  An orc warrior (Orc:1)
  A dream sheep zombie (Shoals:1)
  3 manticore zombies
  2 blink frog zombies
  A spectral water moccasin (Lair:2)
  A vampire mosquito zombie (D:11)
  9 yaktaur zombies
  A komodo dragon zombie (Lair:2)
  4 cyclops zombies
  4 water moccasin zombies
  2 warg zombies
  A troll zombie (D:12)
  13 tengu zombies
  6 yak zombies
  9 wolf zombies
  11 centaur zombies
  A bullfrog zombie (D:8)
  A basilisk zombie (D:12)
  3 orc wizards
  An acid dragon zombie (Zot:4)
  3 ogre zombies
  6 naga zombies
  2 hound zombies (D:8)
  2 hell rat zombies (Lair:1)
  A howler monkey zombie (D:10)
  A steam dragon zombie (D:10)
  An adder zombie (D:3)
  A spectral shadow imp (D:7)
  6 gnoll zombies
  A hobgoblin zombie (D:8)
  A kobold (D:10)
  15 kobold zombies
  47 orc zombies
  68 fungi
  249 plants
  2 starspawn tentacles (Shoals:4)
  15 toadstools (Lair:2)
  36 withered plants
828 creatures vanquished.

Grand Total: 3192 creatures vanquished

Notes
Turn   | Place    | Note
-------+----------+-------------------------------------------
     0 | D:1      | MacCMillion the Minotaur Fighter began the quest for the
                  | Orb.
     0 | D:1      | Reached XP level 1. HP: 19/19 MP: 0/0
   322 | D:1      | Reached XP level 2. HP: 23/26 MP: 1/1
   951 | D:2      | Reached XP level 3. HP: 31/31 MP: 2/2
   988 | D:2      | Noticed Jessica
   993 | D:2      | Killed Jessica
  1457 | D:2      | Reached skill level 5 in Axes
  1457 | D:2      | Reached XP level 4. HP: 30/39 MP: 3/3
  2009 | D:3      | You fall into a shaft and drop 3 floors!
  2039 | D:6      | Noticed a scorpion
  2046 | D:6      | Killed a scorpion
  2047 | D:6      | Reached XP level 5. HP: 44/45 MP: 4/4
  2159 | D:6      | Noticed Grinder
  2160 | D:6      | Paralysed by Grinder for 4 turns
  2164 | D:6      | Noticed a black bear
  2175 | D:6      | Killed Grinder
  2176 | D:6      | Reached XP level 6. HP: 28/51 MP: 5/5
  2589 | D:6      | Reached XP level 7. HP: 51/57 MP: 6/6
  3179 | D:5      | Entered Level 5 of the Dungeon
  3307 | D:5      | Reached skill level 10 in Axes
  3464 | D:4      | Found a staircase to the Ecumenical Temple.
  3473 | Temple   | Entered the Ecumenical Temple
  3494 | Temple   | Became a worshipper of Yredelemnul the Dark
  3521 | D:5      | Reached * piety under Yredelemnul
  3960 | D:5      | Reached ** piety under Yredelemnul
  4015 | D:5      | Found a blossoming altar of Fedhas.
  4020 | D:5      | Found a shadowy altar of Dithmenos.
  4023 | D:5      | Found a shimmering blue altar of Sif Muna.
  4441 | D:4      | Found an ancient bone altar of Kikubaaqudgha.
  4515 | D:4      | Reached skill level 1 in Invocations
  4515 | D:4      | Reached XP level 8. HP: 62/67 MP: 7/7
  5217 | D:7      | Reached skill level 5 in Fighting
  5217 | D:7      | Reached skill level 5 in Armour
  5434 | D:7      | Found a hazy altar of Hepliaklqana.
  6147 | D:8      | Noticed a hornet
  6153 | D:8      | Killed a hornet
  6454 | D:8      | Reached XP level 9. HP: 61/75 MP: 9/9
  6746 | D:8      | Reached *** piety under Yredelemnul
  7724 | D:8      | Noticed a two-headed ogre
  7756 | D:8      | Killed a two-headed ogre
  7987 | D:8      | Found a burning altar of Makhleb.
  8115 | D:9      | Noticed a two-headed ogre
  8125 | D:9      | Killed a two-headed ogre
  8126 | D:9      | Reached XP level 10. HP: 43/88 MP: 11/11
  8569 | D:9      | Noticed a two-headed ogre
  8580 | D:9      | Killed a two-headed ogre
  9324 | D:10     | Entered Level 10 of the Dungeon
  9628 | D:10     | Found a staircase to the Orcish Mines.
  9651 | D:10     | Reached skill level 5 in Invocations
  9920 | D:10     | Noticed a gargoyle
  9929 | D:10     | Killed a gargoyle
  9930 | D:10     | Reached skill level 15 in Axes
 10002 | D:10     | Noticed a centaur warrior
 10010 | D:10     | Reached XP level 11. HP: 70/97 MP: 13/13
 10031 | D:10     | Killed a centaur warrior
 11137 | D:11     | Reached **** piety under Yredelemnul
 11141 | D:11     | Noticed a brown ugly thing
 11155 | D:11     | Killed a brown ugly thing
 11156 | D:11     | Reached skill level 10 in Fighting
 11228 | D:11     | Reached skill level 10 in Armour
 11347 | D:11     | Found Weca's Antique Weapon Shoppe.
 11550 | D:11     | Found a staircase to the Lair.
 11680 | D:11     | Noticed a purple ugly thing
 11687 | D:11     | Killed a purple ugly thing
 11900 | D:11     | Reached ***** piety under Yredelemnul
 12299 | D:11     | Noticed an orc knight
 12303 | D:11     | Noticed an orc sorcerer
 12316 | D:11     | Killed an orc knight
 12329 | D:11     | Killed an orc sorcerer
 12607 | Lair:1   | Entered Level 1 of the Lair of Beasts
 12702 | Lair:1   | Reached XP level 12. HP: 84/110 MP: 16/16
 12853 | Lair:1   | Identified the +0 robe of the Thieving Gods {Regen+}
 13248 | Lair:1   | Reached ****** piety under Yredelemnul
 14541 | Lair:2   | Noticed an eight-headed hydra
 14552 | Lair:2   | Killed an eight-headed hydra
 14848 | Lair:2   | Found a staircase to the Shoals.
 15080 | Lair:2   | Found a staircase to the Snake Pit.
 15137 | Lair:2   | Found a white marble altar of Elyvilon.
 15221 | Lair:2   | Found a blossoming altar of Fedhas.
 15858 | Lair:3   | Reached XP level 13. HP: 122/122 MP: 19/19
 16293 | Lair:3   | Noticed Fannar
 16926 | Lair:3   | Killed Fannar
 16927 | Lair:3   | Reached skill level 10 in Invocations
 18047 | Lair:4   | Found a staircase to the Slime Pits.
 18734 | Lair:5   | Entered Level 5 of the Lair of Beasts
 19126 | Lair:5   | Reached skill level 15 in Fighting
 19126 | Lair:5   | Reached skill level 15 in Armour
 19758 | Lair:5   | Noticed a dire elephant
 19759 | Lair:5   | Noticed a dire elephant
 20145 | Lair:5   | Killed a dire elephant
 20149 | Lair:5   | Killed a dire elephant
 20156 | Lair:5   | Reached XP level 14. HP: 34/135 MP: 14/20
 22175 | Orc:1    | Entered Level 1 of the Orcish Mines
 22457 | Orc:1    | Noticed an orc warlord
 22477 | Orc:1    | Killed an orc warlord
 22477 | Orc:1    | Enslaved an orc warlord
 22916 | Orc:2    | Entered Level 2 of the Orcish Mines
 22917 | Orc:2    | Found Addocs's Antique Armour Shoppe.
 23058 | Orc:2    | Found Daerr's Assorted Antiques.
 23058 | Orc:2    | Found Durir's Armour Emporium.
 23061 | Orc:2    | Found Imiat's Antique Weapon Shoppe.
 23064 | Orc:2    | Found Zixkik's Distillery.
 23107 | Orc:2    | Bought a potion of degeneration for 15 gold pieces
 23150 | Orc:2    | Found a staircase to the Elven Halls.
 23444 | Orc:2    | Found Ecroep's Book Shop.
 23454 | Orc:2    | Found Xuqusomp's Antique Armour Shoppe.
 23467 | Orc:2    | Found Wafuc's Antique Weapon Shoppe.
 24145 | Orc:1    | Found Liatefuh's Weapon Shop.
 24540 | D:12     | Found a stormy altar of Qazlal.
 24828 | D:12     | Noticed a stone giant
 24834 | D:12     | Killed a stone giant
 25093 | D:12     | Identified the +11 dagger "Sighioke" {flame, rC+}
 25440 | D:12     | Identified a scroll of acquirement
 25441 | D:12     | Acquired a manual of Fighting
 25820 | D:12     | Found a runed translucent gate.
 25821 | D:12     | Found a runed translucent gate.
 25823 | D:12     | Found a runed translucent gate.
 25825 | D:12     | Found an opulent altar of Gozag.
 25825 | D:12     | Noticed scienide's ghost (journeyman HOBe)
 25852 | D:13     | Noticed Nessos
 25855 | D:13     | Noticed Erolcha
 25859 | D:13     | Killed Nessos
 25862 | D:13     | Killed Erolcha
 26085 | D:13     | Reached XP level 15. HP: 150/150 MP: 21/21
 26145 | D:13     | Found a burning altar of Makhleb.
 26340 | D:13     | Noticed Azrael
 26349 | D:13     | Killed Azrael
 27173 | D:14     | Found a gate to the Vaults.
 27205 | D:14     | Found a large runed translucent door.
 27205 | D:14     | Found a large runed translucent door.
 27208 | D:14     | Noticed brujo666's ghost (journeyman DsFi)
 27227 | D:14     | Reached skill level 5 in Shields
 27420 | D:15     | Entered Level 15 of the Dungeon
 27621 | D:15     | Found a staircase to the Depths.
 27694 | D:15     | Found a gate leading to a gauntlet.
 27696 | D:15     | Noticed Ecranlie's ghost (journeyman OpSu)
 27724 | Gauntlet | Entered a Gauntlet
 27724 | Gauntlet | Found a transporter.
 27724 | Gauntlet | Found a transporter.
 27724 | Gauntlet | Found a transporter.
 27726 | Gauntlet | Found a transporter.
 27727 | Gauntlet | Found a transporter.
 27740 | Gauntlet | Found a transporter.
 27749 | Gauntlet | Found a transporter.
 27750 | Gauntlet | Found a transporter.
 27752 | Gauntlet | Found a transporter.
 27752 | Gauntlet | Found a transporter.
 27761 | Gauntlet | Found a transporter.
 27761 | Gauntlet | Found a transporter.
 28021 | Gauntlet | Identified the -1 cloak of Unreason {rF+}
 28209 | Gauntlet | Identified the +14 chain mail of Weak New Discoveries
                  | {Rampage *Slow rElec Will+ Dex+4}
 28364 | D:15     | Found a runed translucent door.
 29454 | D:15     | Killed Ecranlie's ghost
 29462 | D:15     | Acquired a manual of Fighting
 29713 | Shoals:1 | Entered Level 1 of the Shoals
 29758 | Snake:1  | Entered Level 1 of the Snake Pit
 30003 | Snake:1  | Reached skill level 10 in Shields
 30425 | Snake:1  | Found Oroapoy's Book Shoppe.
 30428 | Snake:1  | Found Tit Wuim's Weapon Emporium.
 30430 | Snake:1  | Found Qoutuerre's Distillery.
 30438 | Snake:1  | Bought a potion of might for 48 gold pieces
 30438 | Snake:1  | Bought a potion of cancellation for 96 gold pieces
 30680 | Snake:2  | Noticed Roxanne
 30732 | Snake:2  | Identified the +1 robe "Qyazaru" {Will+ Dex+2}
 30847 | Snake:2  | Noticed Donald
 30857 | Snake:2  | Killed Donald
 31884 | Snake:2  | Noticed Nikola
 31891 | Snake:2  | Killed Nikola
 32102 | Snake:2  | Killed Roxanne
 32103 | Snake:2  | Reached XP level 16. HP: 160/160 MP: 22/22
 32668 | Snake:3  | Identified the +4 chain mail of Majestic Joy {Dex+2}
 33001 | Snake:3  | Reached skill level 15 in Shields
 33247 | Snake:4  | Entered Level 4 of the Snake Pit
 33255 | Snake:4  | Reached skill level 1 in Dodging
 33397 | Snake:4  | Found Hoforio's General Store.
 33431 | Snake:4  | Identified the +1 plate armour of Defiance {Harm Fly
                  | Regen+}
 33501 | Snake:4  | Found a frozen archway.
 33514 | IceCv    | Entered an ice cave
 34351 | IceCv    | Noticed an Ice Fiend
 34351 | IceCv    | Noticed an Ice Fiend
 34357 | IceCv    | Killed an Ice Fiend
 34358 | IceCv    | Reached skill level 5 in Dodging
 34358 | IceCv    | Killed an Ice Fiend
 35261 | Snake:4  | Reached XP level 17. HP: 158/176 MP: 16/23
 35594 | Snake:4  | Got a serpentine rune of Zot
 35785 | Snake:4  | Found Seovy's Firing Range.
 36242 | Shoals:1 | Found Metzuaxt's Antique Weapon Shoppe.
 36534 | Shoals:1 | Reached skill level 10 in Dodging
 36793 | Shoals:1 | You are sucked into a shaft and drop 1 floor!
 36854 | Shoals:2 | Found Ijivo's Antique Armour Boutique.
 37685 | Shoals:2 | Bought a translucent cloak for 294 gold pieces
 37685 | Shoals:2 | Identified the +1 cloak of Pathos {rC+ Will+ MP+9} (You
                  | bought it in a shop on level 2 of the Shoals)
 37690 | Shoals:2 | Identified the +2 quarterstaff "Kabuclir" {elec, +Blink
                  | rCorr SInv}
 38036 | Shoals:3 | Found Yjaxorpho's General Store.
 38386 | Shoals:3 | Found a runed translucent door.
 38388 | Shoals:3 | Bought a scroll of blinking for 97 gold pieces
 38401 | Shoals:3 | Reached XP level 18. HP: 198/198 MP: 24/24
 38619 | Shoals:4 | Entered Level 4 of the Shoals
 38619 | Shoals:4 | Found Verruire's CLEARANCE SALE!.
 39436 | Shoals:4 | Got a barnacled rune of Zot
 39491 | Shoals:4 | Noticed Bai Suzhen
 39494 | Shoals:4 | Noticed Mlioglotl
 39512 | Shoals:4 | Killed Bai Suzhen
 39512 | Shoals:4 | Enslaved Bai Suzhen
 39513 | Shoals:4 | Killed Mlioglotl
 39653 | Shoals:4 | Noticed Ilsuiw
 39685 | Shoals:4 | Killed Ilsuiw
 40367 | Elf:1    | Entered Level 1 of the Elven Halls
 40367 | Elf:1    | Noticed Frances
 40379 | Elf:1    | Killed Frances
 40388 | Elf:1    | Reached skill level 27 in Fighting
 40398 | Elf:1    | Your ally Frances died
 41047 | Elf:1    | Found a runed translucent gate.
 41047 | Elf:1    | Found a runed translucent gate.
 41047 | Elf:1    | Found a runed translucent gate.
 41051 | Elf:1    | Noticed flt's ghost (adept DgTm)
 41516 | Elf:1    | Got the Guidebook on Combined Assaults
 42228 | Elf:1    | Found an iron altar of Okawaru.
 42361 | Elf:2    | Reached XP level 19. HP: 201/207 MP: 25/25
 42534 | Elf:2    | Identified the +9 quarterstaff "Ragushaa" {flame, Dex+6}
 42701 | Elf:2    | Found a runed translucent gate.
 42702 | Elf:2    | Found a runed translucent gate.
 42702 | Elf:2    | Found a runed translucent gate.
 42914 | Elf:2    | Noticed Agnes
 43538 | Elf:2    | Killed Agnes
 43948 | Elf:3    | Entered Level 3 of the Elven Halls
 45646 | Elf:3    | Reached skill level 15 in Dodging
 46266 | Elf:3    | Noticed a Brimstone Fiend
 46396 | Elf:3    | Identified the +5 mace of Internal Strife {antimagic, rF-
                  | Will+ rCorr Dex+2}
 46534 | Elf:3    | Identified the +1 robe of Inaction {Int+3}
 46939 | Elf:3    | Identified the +1 pearl dragon scales of the Sandy
                  | Alphagorgon {rN+ Dex+3 Slay+2}
 47271 | Elf:3    | Identified the +5 short sword "Rumaumai" {freeze, rN++
                  | Int+2}
 47279 | Elf:3    | Identified the +2 plate armour of the Accordion {rElec rF-
                  | Int+3 Dex+6}
 47325 | Elf:3    | Identified the +2 ring mail of Paranoia {Rampage Drain
                  | rPois Dex+3}
 47359 | Elf:3    | Identified the amulet "Ybludin" {Faith Fly Will+ Slay-6}
 47460 | Elf:3    | Identified the +3 chain mail of Reason {Dex+5}
 47663 | Elf:3    | Identified the +9 arbalest of Xopoc {speed, Will+ Int+2}
 48066 | Elf:3    | Found the +2 pair of slick slippers {slick, slippery, EV+5}
 48069 | Elf:3    | Got the Grimoire of Snow and Spellbinding
 48093 | Elf:3    | Got the Volume of Salt
 48097 | Elf:3    | Got the Vellum of the Ant
 49381 | Vaults:1 | Entered Level 1 of the Vaults
 49979 | Vaults:1 | Reached skill level 1 in Evocations
 50046 | Vaults:1 | Reached XP level 20. HP: 216/216 MP: 27/27
 52323 | Vaults:2 | Reached skill level 5 in Evocations
 52438 | Vaults:2 | Noticed a golden dragon
 52484 | Vaults:2 | Killed a golden dragon
 53736 | Vaults:3 | Found a magical portal.
 53829 | WizLab   | Entered Iskenderun's Mystic Tower
 53919 | WizLab   | Reached XP level 21. HP: 178/224 MP: 25/29
 54094 | WizLab   | Got Iskenderun's Papyrus of the Discharge
 54094 | WizLab   | Got Iskenderun's Essays on Percussion
 54451 | Vaults:3 | Found a staircase to the Crypt.
 54451 | Vaults:3 | Found an ancient bone altar of Kikubaaqudgha.
 54451 | Vaults:3 | Found a basalt altar of Yredelemnul.
 54922 | Vaults:3 | Identified the +10 dire flail "Uvoadiz" {freeze, rC+}
 55710 | Vaults:3 | Reached skill level 1 in Maces & Flails
 56093 | Vaults:3 | Reached skill level 5 in Maces & Flails
 56522 | Vaults:4 | Noticed Zenata
 56541 | Vaults:4 | Killed Zenata
 56541 | Vaults:4 | Enslaved Zenata
 56996 | Vaults:4 | Found a crumbling gateway.
 57080 | Vaults:4 | Noticed Saint Roka
 57110 | Vaults:4 | Killed Saint Roka
 57217 | Vaults:4 | Noticed Sojobo
 57233 | Vaults:4 | Killed Sojobo
 57256 | Vaults:4 | Your ally Zenata died
 57501 | Vaults:4 | Identified the +5 falchion of Putrescence {flame, Drain rF+
                  | MP+9 Stlth+}
 57961 | Vaults:4 | Noticed Boris
 57980 | Vaults:4 | Killed Boris
 58527 | Depths:1 | Entered Level 1 of the Depths
 58764 | Depths:1 | Found an iron altar of Okawaru.
 59320 | Depths:1 | Reached XP level 22. HP: 223/225 MP: 30/30
 59430 | Depths:1 | Found a gateway to Hell.
 59430 | Depths:1 | Found a one-way gate leading to the halls of Pandemonium.
 59667 | Depths:2 | Noticed a golden dragon
 59690 | Depths:2 | Killed a golden dragon
 59790 | Depths:2 | Found a one-way gateway to a ziggurat.
 59932 | Depths:2 | Found a one-way gate to the infinite horrors of the Abyss.
 60961 | Depths:3 | Found a corrupted altar of Lugonu.
 61343 | Depths:3 | Noticed a caustic shrike
 61343 | Depths:3 | Noticed a caustic shrike
 61343 | Depths:3 | Noticed a caustic shrike
 61343 | Depths:3 | Noticed a caustic shrike
 61343 | Depths:3 | Noticed a caustic shrike
 62070 | Depths:3 | Killed a caustic shrike
 62096 | Depths:3 | Killed a caustic shrike
 62110 | Depths:3 | Killed a caustic shrike
 62115 | Depths:3 | Killed a caustic shrike
 62137 | Depths:3 | Killed a caustic shrike
 62137 | Depths:3 | Enslaved a caustic shrike
 62837 | Depths:4 | Entered Level 4 of the Depths
 62841 | Depths:4 | Noticed a caustic shrike
 62850 | Depths:4 | Killed a caustic shrike
 62863 | Depths:4 | Reached XP level 23. HP: 235/240 MP: 31/31
 62972 | Depths:4 | Noticed a caustic shrike
 62972 | Depths:4 | Noticed a caustic shrike
 62973 | Depths:4 | Noticed a caustic shrike
 62975 | Depths:4 | Noticed a caustic shrike
 62977 | Depths:4 | Noticed a caustic shrike
 62982 | Depths:4 | Noticed a caustic shrike
 62984 | Depths:4 | Killed a caustic shrike
 62984 | Depths:4 | Noticed a caustic shrike
 62988 | Depths:4 | Killed a caustic shrike
 62988 | Depths:4 | Killed a caustic shrike
 62988 | Depths:4 | Noticed a caustic shrike
 62992 | Depths:4 | Killed a caustic shrike
 62992 | Depths:4 | Killed a caustic shrike
 62993 | Depths:4 | Killed a caustic shrike
 62994 | Depths:4 | Noticed a caustic shrike
 62995 | Depths:4 | Killed a caustic shrike
 62999 | Depths:4 | Killed a caustic shrike
 63002 | Depths:4 | Killed a caustic shrike
 63194 | Depths:4 | Found a gate to the Realm of Zot.
 63361 | Depths:4 | Found a glowing golden altar of the Shining One.
 64775 | Vaults:5 | Entered Level 5 of the Vaults
 64783 | Vaults:5 | Reached skill level 27 in Shields
 64804 | Vaults:5 | Noticed a dread lich
 64807 | Vaults:5 | Reached skill level 10 in Maces & Flails
 64818 | Vaults:5 | Noticed an ancient lich
 64839 | Vaults:5 | Killed a dread lich
 64852 | Vaults:5 | Killed an ancient lich
 64887 | Vaults:5 | Reached XP level 24. HP: 169/235 MP: 10/31
 64903 | Vaults:5 | Reached skill level 27 in Armour
 65122 | Vaults:5 | Got a silver rune of Zot
 65125 | Vaults:5 | Got the Spellbook of Overcast Chilblains
 65135 | Vaults:5 | Identified the +0 pair of gloves of Syilon {Will- Str+2
                  | SInv}
 65303 | Vaults:5 | Got the Octavo of Incandescence and the Dose
 65669 | Vaults:5 | Identified the +3 battleaxe of Prudence {holy, Drain +Blink
                  | rElec Will+++}
 65673 | Vaults:5 | Identified the ring "Leceo" {Fly Int+3}
 65847 | Vaults:5 | Identified the +3 trident of Anger {spect, rC+ Will- Dex+4}
 66501 | D:12     | Killed scienide's ghost
 66621 | D:14     | Killed brujo666's ghost
 67491 | Elf:1    | Gained mutation: You expend magic power (3 MP) to
                  | strengthen your wands. [mutagenic glow]
 67504 | Elf:1    | Gained mutation: You do not regenerate when monsters are
                  | visible. [mutagenic glow]
 67512 | Elf:1    | Killed flt's ghost
 68023 | Elf:1    | Found an iron altar of Okawaru.
 68563 | Crypt:1  | Entered Level 1 of the Crypt
 69110 | Crypt:1  | Acquired 550 gold pieces
 70804 | Crypt:2  | Reached skill level 15 in Invocations
 70992 | Crypt:2  | Identified the +2 mace of Infinite Pain {venom, Fly rN+
                  | Str+6 Dex-4}
 71188 | Crypt:3  | Entered Level 3 of the Crypt
 71243 | Crypt:3  | Reached XP level 25. HP: 241/257 MP: 33/33
 71363 | Crypt:3  | Found a staircase to the Tomb.
 73147 | Crypt:3  | Identified the ring "Qowecroet" {rN+ Str+2 Dex+3}
 73147 | Crypt:3  | Identified the ring of Tunyug {rN+ Str+3 Int-2}
 73148 | Crypt:3  | Identified the +11 falchion of Oliust {distort, rElec}
 73187 | Crypt:3  | Identified the +4 spear "Narhi" {vamp, Str+3 Dex+3}
 73481 | Zot:1    | Entered Level 1 of the Realm of Zot
 74365 | Zot:1    | Found a transporter.
 74760 | Zot:2    | Identified the +7 plate armour of Buazot {+Blink Dex+2
                  | Stlth+}
 74954 | Zot:2    | You are sucked into a shaft and drop 2 floors!
 75435 | Zot:4    | Identified the amulet of Faustrehy {Spirit Dex+3 Slay+2}
 75614 | Zot:4    | Identified the amulet "Kinulemn" {Spirit rElec}
 76112 | Zot:3    | Noticed Parghit
 76139 | Zot:3    | Killed Parghit
 76139 | Zot:3    | Enslaved Parghit
 76431 | Zot:3    | Reached XP level 26. HP: 266/266 MP: 34/34
 76761 | Zot:3    | Reached XP level 27. HP: 273/273 MP: 34/34
 77010 | Zot:2    | Noticed an orb of fire
 77024 | Zot:2    | Killed an orb of fire
 77466 | Zot:5    | Entered Level 5 of the Realm of Zot
 78961 | Zot:5    | Noticed a dread lich
 78964 | Zot:5    | Noticed an orb of fire
 78967 | Zot:5    | Noticed an orb of fire
 78969 | Zot:5    | Noticed an ancient lich
 78970 | Zot:5    | Gained mutation: You have hidden genetic defects. [an orb
                  | of fire]
 78977 | Zot:5    | Killed an orb of fire
 78982 | Zot:5    | HP: 10/273 [orb of fire/fireball (29)]
 79008 | Zot:5    | Your ally Parghit died
 79644 | Zot:5    | Killed an ancient lich
 79657 | Zot:5    | Killed a dread lich
 79670 | Zot:5    | Noticed a dread lich
 79670 | Zot:5    | Noticed an ancient lich
 79670 | Zot:5    | Noticed an ancient lich
 79670 | Zot:5    | Noticed an ancient lich
 79670 | Zot:5    | Noticed an orb of fire
 79670 | Zot:5    | Noticed an orb of fire
 79671 | Zot:5    | Gained mutation: You are frail. (-10% HP) [an orb of fire]
 79677 | Zot:5    | Gained mutation: Your magical capacity is low. (-10% MP)
                  | [an orb of fire]
 79702 | Zot:5    | Killed an orb of fire
 79793 | Zot:5    | Gained mutation: You are occasionally teleported next to
                  | monsters. [hidden defects]
 79814 | Zot:5    | Killed an ancient lich
 79815 | Zot:5    | Lost mutation: You do not regenerate when monsters are
                  | visible. [potion of mutation]
 79815 | Zot:5    | Lost mutation: You are occasionally teleported next to
                  | monsters. [potion of mutation]
 79815 | Zot:5    | Lost mutation: You have hidden genetic defects. [potion of
                  | mutation]
 79815 | Zot:5    | Gained mutation: You are dopey. (Int -2) [potion of
                  | mutation]
 79815 | Zot:5    | Gained mutation: Armour fits poorly on your strangely
                  | shaped body. [potion of mutation]
 79815 | Zot:5    | Gained mutation: You are resistant to electric shocks.
                  | (rElec) [potion of mutation]
 79816 | Zot:5    | Lost mutation: You expend magic power (3 MP) to strengthen
                  | your wands. [potion of mutation]
 79816 | Zot:5    | Lost mutation: You are resistant to electric shocks.
                  | (rElec) [potion of mutation]
 79816 | Zot:5    | Gained mutation: You are very dopey. (Int -4) [potion of
                  | mutation]
 79816 | Zot:5    | Gained mutation: You are occasionally teleported next to
                  | monsters. [potion of mutation]
 79816 | Zot:5    | Gained mutation: Your magical capacity is very low. (-20%
                  | MP) [potion of mutation]
 79817 | Zot:5    | Lost mutation: You are frail. (-10% HP) [potion of
                  | mutation]
 79817 | Zot:5    | Lost mutation: You are occasionally teleported next to
                  | monsters. [potion of mutation]
 79817 | Zot:5    | Gained mutation: Your body sometimes deteriorates upon
                  | taking damage. [potion of mutation]
 79817 | Zot:5    | Gained mutation: You are robust. (+10% HP) [potion of
                  | mutation]
 79834 | Zot:5    | Killed an orb of fire
 79856 | Zot:5    | Killed an ancient lich
 79863 | Zot:5    | Killed a dread lich
 79932 | Zot:5    | Killed an orb of fire
 79951 | Zot:5    | Killed an ancient lich
 80183 | Zot:5    | Identified the +7 halberd of Rukal {freeze, Will- Dex+2
                  | SInv}
 80411 | Zot:5    | Got the Orb of Zot
 80775 | D:9      | Noticed Xemeg the pandemonium lord
 80789 | D:9      | Killed Xemeg the pandemonium lord
 80927 | D:8      | Noticed Fatriuw the pandemonium lord
 80937 | D:8      | Killed Fatriuw the pandemonium lord
 81165 | D:1      | Noticed a seraph
 81285 | D:1      | Noticed Xeaseac the pandemonium lord
 81297 | D:$      | Escaped with the Orb!

Illustrated notes

Levels and vault maps discovered:
D:1:      scummos_arrival_forest, layout_basic, lexackson_kobold_supper
D:2:      layout_basic, grunt_ministairs_12, corexii_leaking_fountain,
          chequers_serial_rivers_micro_c, uniq_jessica
D:3:      layout_basic, cheibriados_altar_1, uniq_sigmund
D:4:      layout_loops_cross, kiku_gazebo_garden_becter,
          minmay_temple_entry_from_below_a, corexii_item_surrounded_by_moat,
          nrook_mini_backslash, serial_bayou_ford_a
D:5:      layout_loops_ring, minmay_overflow_temple_star_quad,
          nicolae_elevator_lobby_plus
D:6:      layout_basic, enter_ossuary_1, uniq_grinder
D:7:      layout_loops_ring, nicolae_hepliaklqana_hippocampus,
          minmay_door_square
D:8:      kennysheep_housing_project, layout_basic, lemuel_tele_altar
D:9:      layout_basic
D:10:     layout_roguey, kennysheep_orc_monster_closet_entryway
D:11:     minmay_recursive_quarters, layout_loops_ring, lair_entry_dummy,
          serial_shops, shop
D:12:     minmay_the_grid_octo_tiled_squarecenter [minmay_the_grid_octo_empty,
          minmay_the_grid_octo_checkered, minmay_the_grid_octo_vomiting_pacman,
          minmay_the_grid_octo_toaster,
          minmay_the_grid_square_5x5_megaprize_crossed,
          minmay_the_grid_square_5x5_shrine2,
          minmay_the_grid_square_5x5_checkered_sparse,
          minmay_the_grid_square_5x5_plus, minmay_the_grid_square_5x5_minibox],
          layout_irregular_city, ebering_ghost_gozag, grunt_qazlal_clouds
D:13:     layout_gridville, bloody_makhleb, uniq_azrael, uniq_erolcha,
          uniq_nessos
D:14:     layout_cross, david_vaults_1, ebering_ghost_disaster_area,
          bh_circular_ruins
D:15:     hangedman_depths_entry_civil_slaughter, layout_gridville,
          hellmonk_ghost_happy_afterlife, gauntlet_entry_generic,
          hangedman_decor_opposing, nzn_life_drinkers
Temple:   hellmonk_temple_two_chambers
Lair:1:   layout_regular_city, grunt_megastairs_2
Lair:2:   layout_chaotic_city, shoals_dummy_entry, basic_altar, tgw_fedhas
Lair:3:   layout_cave_pods, serial_forest, infiniplex_forest_straight_4,
          infiniplex_forest_end_2, infiniplex_forest_straight_4,
          infiniplex_forest_end_double, infiniplex_forest_corner_1,
          infiniplex_forest_clump_small, infiniplex_forest_split,
          infiniplex_forest_diagonal, infiniplex_forest_end_1,
          infiniplex_forest_straight_3, uniq_fannar
Lair:4:   layout_cave_pods, slime_entry_1, minmay_holes
Lair:5:   due_jungle_book, layout_gridlike, serial_bayou_shore_a,
          lemuel_fruit_fields
Shoals:1: layout_shoals, serial_shops, nicolae_shop_competitors_out_of_business,
          nicolae_shoals_aquamancer_cove
Shoals:2: layout_shoals, nicolae_stop_n_shop_2
Shoals:3: layout_shoals, serial_shops, shop_statue, lightli_airlock
Shoals:4: shoals_end_simple, layout_shoals, shoals_ilsuiw_alternative,
          nicolae_shoals_circle_sea_wall, nicolae_shop_clearance,
          uniq_mlioglotl, uniq_bai_suzhen
Snake:1:  layout_misc_corridors, grunt_megastairs_4, lemuel_fruit_tree,
          minmay_shop_star
Snake:2:  layout_layer_cave, uniq_donald, uniq_roxanne, uniq_nikola
Snake:3:  layout_layer_cave, serial_bayou_pond_b
Snake:4:  grunt_snake_rune_pools, layout_cave_town,
          portal_ice_cave_entry_ice_statue_one, serial_shops,
          nicolae_lakefront_shop, nicolae_shop_firing_range
Orc:1:    layout_caves, serial_shops, nicolae_shop_bloodbath_and_beyond,
          library_closet
Orc:2:    st_orc_rangers, layout_diamond_mine, serial_shops,
          nicolae_shop_statue_plus, shop_statue, shop,
          nicolae_shop_hallway_plus, lemuel_statue_altar
Elf:1:    elf_arrival_002, layout_geoelf_octagon,
          gammafunk_ghost_fury_of_okawaru, minmay_elf_sorcery,
          hangedman_elf_targetted_burst, uniq_frances
Elf:2:    nicolae_elf_blades_crystal_corner, layout_rooms, uniq_agnes
Elf:3:    minmay_elf_hall_quartered_circle, layout_onion_city,
          serial_co_window_serial, co_window_corner_a, co_window_corner_a,
          co_window_paths_a, co_window_paths_b, co_window_paths_a,
          co_window_broadway_c, co_window_corner_b, co_window_cross_3,
          co_window_unsneaky_path_e, co_window_paths_c, glass_columns_b
Vaults:1: v_misc_19, v_alt_pattern_3, nicolae_vaults_alarming,
          vaults_mumra_minichess, hangedman_vaults_unwind,
          hangedman_vaults_corner_blocks, vaults_standard_mumra_x,
          hangedman_vaults_pinch, vaults_room_fours, st_lattice,
          nicolae_vaults_shelves_hall, layout_vaults_omnicross
Vaults:2: vaults_room_semicircle, v_pattern_5, kb_rosetta, serial_ice_m,
          vaults_dpeg_hooks, v_misc_23, ontoclasm_vaults_fault,
          nicolae_vaults_mini_display_case, nicolae_vaults_what_the_h,
          layout_vaults_chaotic_city
Vaults:3: lightli_enter_wizlab_magi_temple, vaults_dpeg_encased_lava,
          v_alt_pattern_5, nicolae_vaults_windows_and_doors_thing,
          nicolae_vaults_network_square, v_alt_pattern_2,
          vaults_room_semicircle, layout_vaults_quadrants,
          minmay_crypt_entry_necro_gods, serial_shops
Vaults:4: portal_desolation_entry_garden, hangedman_vaults_maws,
          nicolae_vaults_network_barrier, nicolae_vaults_diagonal_hallway_9,
          v_rooms_4, v_misc_11, nicolae_vaults_circle_grid_a,
          ontoclasm_vaults_hangar, vaults_dpeg_ring,
          nicolae_vaults_angled_halls, ontoclasm_vaults_pinch,
          vaults_room_fours, vaults_room_stairs_pillars, v_alt_pattern_3,
          nicolae_vaults_border_crossing, special_room_vaults
          [special_room_orc], layout_vaults_maze_snakey, uniq_boris,
          uniq_saint_roka, uniq_zenata, uniq_sojobo
Vaults:5
Crypt:1:  layout_rooms
Crypt:2:  layout_basic, grunt_megastairs_3
Crypt:3:  david_glass_crypt, layout_gridlike
Depths:1: dreamdust_merry_men, layout_basic, pan_entry, hell_entry,
          nicolae_concentric_dashed_squares_mild, roderic_malta_cross,
          okawaru_ov_weapons_minmay
Depths:2: nzn_winding_woodlands_cross [nzn_winding_woodlands_5x15_pockets,
          nzn_winding_woodlands_5x15_split_checker,
          nzn_winding_woodlands_5x15_concentric,
          nzn_winding_woodlands_5x15_cabin,
          nzn_winding_woodlands_15x15_thick_spiral], layout_cave_pools,
          enter_ziggurat_f, hell_entry, minmay_misc_feat_secret_circle,
          abyss_entry_small_statue_room, grunt_pan_entry_spiral,
          due_unseen_surprise, firewood_loft
Depths:3: grunt_deathspiral_small, layout_gridlike, minmay_hedge_maze,
          hell_entry, abyss_entry_flame_altar
Depths:4: grunt_zot_entry_alcove, layout_cave_pools, tso_metal_star,
          abyss_entry, hellmouth_1, chequers_serial_rivers_micro_e,
          minmay_hollow_rounded_squares
Zot:1:    layout_onion, nicolae_diode_basic
Zot:2:    layout_misc_corridors, grunt_megastairs_5
Zot:3:    grunt_twist_and_shout, layout_concentric_octagons, zot_minivault_1,
          uniq_parghit
Zot:4:    layout_misc_corridors, st_large_dragon_hoard_3
Zot:5:    layout_cathedral_of_symmetry, lemuel_baited_zot_trap,
          grunt_ministairs_12

Skill      XL: |  1  2  3  4  5  6  7  8  9 10 11 12 13 14 15 16 17 18 19 20 21 22 23 24 25 26 27 |
---------------+----------------------------------------------------------------------------------+-----
Axes           | 3 5 6 8 9 10 12 13 15 16 19 21 22 24 | 24.1
Shields        | 4 13 15 19 22 25 27 | 27.0
Armour         | 4 6 7 9 11 13 15 18 20 22 23 25 26 27 | 27.0
Fighting       | 4 6 7 9 11 13 15 18 19 22 26 27 | 27.0
Invocations    | 1 3 5 7 9 10 12 15 17 19 | 19.5
Dodging        | 7 10 13 15 17 18 20 | 20.3
Evocations     | 1 5 |  5.0
Maces & Flails | 5 12 | 12.4

Action                     |  1- 3 |  4- 6 |  7- 9 | 10-12 | 13-15 | 16-18 | 19-21 | 22-24 | 25-27 || total
---------------------------+-------+-------+-------+-------+-------+-------+-------+-------+-------++-------
  Melee: War axe           |    73 |    49 |   308 |   545 |   612 |       |       |       |       ||  1587
         Headbutt          |     7 |     8 |    51 |   126 |   270 |   218 |   422 |   383 |   389 ||  1874
         Flail             |       |       |       |       |     6 |       |       |       |       ||     6
         Broad axe         |       |       |       |       |   369 |   751 |  1335 |  1076 |   847 ||  4378
         Demon whip        |       |       |       |       |       |       |       |    57 |   161 ||   218
  Throw: Boomerang         |       |     1 |       |       |       |       |       |       |       ||     1
         Dart              |       |       |     3 |       |       |       |     1 |       |       ||     4
 Invoke: Dark Bargain      |       |       |     3 |     4 |     7 |     2 |    12 |     2 |     1 ||    31
         Drain Life        |       |       |       |     1 |     1 |     5 |       |     2 |     1 ||    10
         Bind Soul         |       |       |       |     1 |     2 |     3 |     4 |     3 |     2 ||    15
         Recall Undead Har |       |       |       |       |     5 |     2 |     2 |     5 |     6 ||    20
    Use: Scroll            |       |     3 |     6 |     3 |    19 |     8 |     9 |     3 |    11 ||    62
         Potion            |       |     1 |     1 |       |       |     1 |     3 |     5 |    18 ||    29
   Stab: Distracted        |       |       |       |     7 |    24 |    22 |    33 |    26 |    30 ||   142
 Armour: Scale mail        |    26 |    23 |    25 |       |       |       |       |       |       ||    74
         Chain mail        |       |       |    68 |       |    44 |   410 |   512 |   463 |   274 ||  1771
         Plate armour      |       |       |    86 |   344 |   498 |       |       |       |       ||   928
         Gold dragon scale |       |       |       |       |       |       |       |       |    50 ||    50
  Dodge: Dodged            |    23 |    22 |    97 |   149 |   407 |   347 |   525 |   452 |   328 ||  2350
         Repelled          |       |       |       |     4 |     6 |    25 |    17 |       |     4 ||    56
  Block: Buckler           |    11 |    13 |    52 |    86 |   202 |       |       |       |       ||   364
         Kite shield       |       |       |       |       |    61 |   608 |   914 |   463 |       ||  2046
         Tower shield      |       |       |       |       |       |       |       |   565 |   896 ||  1461

Table legend: (Time is in decaauts)
 A = Elapsed time spent in this place.
 B = Non-inter-level travel time spent in this place.
 C = Inter-level travel time spent in this place.
 D = Time resting spent in this place.
 E = Time spent auto-exploring this place.
 F = Levels seen in this place.
 G = Mean time per level.
                   A        B        C        D        E       F      G
               +--------+--------+--------+--------+--------+-----+--------+
         Total |  90592 |  83198 |   7394 |  25231 |  42810 |  54 | 1677.6 |
       Dungeon |  20804 |  17912 |   2892 |   4578 |   9869 |  15 | 1386.9 |
        Temple |     25 |     25 |      0 |      0 |     14 |   1 |   25.0 |
          Lair |  10729 |   9963 |    766 |   3152 |   5604 |   5 | 2145.8 |
        Shoals |   5560 |   5342 |    218 |    898 |   3027 |   4 | 1390.0 |
     Snake Pit |   8038 |   7617 |    421 |   1125 |   5677 |   4 | 2009.5 |
  Orcish Mines |   2944 |   2297 |    647 |    668 |   1302 |   2 | 1472.0 |
   Elven Halls |  10881 |  10427 |    454 |   4956 |   3607 |   3 | 3627.0 |
        Vaults |  10708 |   9788 |    920 |   3097 |   4554 |   5 | 2141.6 |
         Crypt |   4820 |   4719 |    101 |   2285 |   1790 |   3 | 1606.7 |
        Depths |   6677 |   6057 |    620 |   1286 |   3585 |   4 | 1669.2 |
           Zot |   7186 |   6835 |    351 |   2333 |   3170 |   5 | 1437.2 |
      Ice Cave |   1078 |   1078 |      0 |    587 |    242 |   1 | 1078.0 |
        Wizlab |    543 |    543 |      0 |     22 |    219 |   1 |  543.0 |
      Gauntlet |    594 |    594 |      0 |    242 |    146 |   1 |  594.0 |
               +--------+--------+--------+--------+--------+-----+--------+

Top non-repeatable levels by time:
   Elf:3: 5664 daAuts
  Lair:5: 3449 daAuts
   Elf:1: 3435 daAuts
Vaults:1: 3015 daAuts
Depths:3: 2598 daAuts
  Lair:2: 2568 daAuts
 Snake:2: 2559 daAuts
Vaults:3: 2339 daAuts
 Snake:4: 2302 daAuts
     D:8: 2238 daAuts
    D:12: 2227 daAuts
 Crypt:2: 2138 daAuts
    D:11: 2053 daAuts
Vaults:4: 2006 daAuts
Shoals:2: 1971 daAuts
